 Dungeon Crawl Stone Soup version 0.31-a0-1154-gadca813884 (webtiles) character file.

Game seed: 15522285216929344960

46 MackTheKnife the Chopper (level 3, -2/27 HPs)
             Began as a Demonspawn Warper on Dec 7, 2023.
             Slain by an adder (3 damage)
             ... on level 2 of the Dungeon.
             The game lasted 00:01:03 (1247 turns).

MackTheKnife the Chopper (Demonspawn Warper)        Turns: 1247, Time: 00:01:04

Health: -2/27      AC:  3    Str: 13    XL:     3   Next: 44%
Magic:  6/6        EV: 11    Int: 13    God:
Gold:   26         SH:  0    Dex: 12    Spells: 6/6 levels left

rFire   . . .        a - +0 hand axe {axe}
rCold   + + .        (no shield)
rNeg    . . .        b - +0 leather armour
rPois   .            (no helmet)
rElec   .            (no cloak)
rCorr   .            (no gloves)
SInv    .            (no boots)
Will    .....        (no amulet)
Stlth   +            (no ring)
HPRegen 0.24/turn    (no ring)
MPRegen 0.10/turn

%: no passive effects
@: mighty, lethally poisoned (-2 -> -6)
A: demonic touch 1, cold resistance 2
a: no special abilities


You were on level 2 of the Dungeon.
You visited 1 branch of the dungeon, and saw 2 of its levels.

You collected 26 gold pieces.


Innate Abilities, Weirdness & Mutations

Your touch may inflict minor irresistible damage on your foes.
Your flesh is very cold resistant. (rC++)


   Skills:
 - Level 2.0 Fighting
 + Level 3.5 Axes
 - Level 0.8 Throwing
 - Level 0.8 Armour
 - Level 1.7 Dodging
 - Level 2.0 Spellcasting
 - Level 2.6 Translocations


You had 6 spell levels left.
You didn't know any spells.
Your spell library contained the following spells:

 Spells                   Type           Power      Damage    Failure   Level
 Blink                    Tloc           16%        N/A       16%         2
 Lesser Beckoning         Tloc           16%        N/A       16%         2
 Teleport Other           Tloc           8%         N/A       32%         3
 Manifold Assault         Tloc           8%         N/A       71%         4
 Vhi's Electric Charge    Tloc/Air       8%         N/A       88%         4

Inventory:

Hand Weapons
 a - a +0 hand axe (weapon) {axe}
Missiles
 d - 7 darts of dispersal (quivered) {=f!fthrowing}
 i - 3 poisoned darts {throwing}
Armour
 b - a +0 leather armour (worn)
Scrolls
 c - 2 scrolls of blinking {!r}
 f - 2 scrolls of teleportation {unknown}
 h - a scroll of fog {unknown}
Potions
 g - a potion of brilliance {unknown}
 j - a potion of mutation {!q}
 k - a potion of curing {unknown}

Dungeon Overview and Level Annotations

Branches:
Dungeon (2/15) Zot: 10731

Altars:

#.# ##+##
######.#
#......#
#.###### #.#
#.# #.#
#.######.###.
#....@Sl.....
########.....
###


You could see an adder and a frilled lizard.


Message History

You closely miss the frilled lizard.
The frilled lizard bites you but does no damage.
A frilled lizard is nearby!
You miss the frilled lizard. The frilled lizard barely misses you.
You closely miss the frilled lizard.
The frilled lizard bites you but does no damage.
You hit the frilled lizard.
You kill the frilled lizard!
No target in view!
No target in view!
No target in view!
No target in view!
No target in view!
No target in view!
Key pressed, stopping explore.
An endoplasm comes into view.
The endoplasm quivers.
An endoplasm is nearby!
An endoplasm is nearby!
The endoplasm hits you. 😕 HP[-3]
You take 3 damage, and now have 24/27 hp.
You barely miss the endoplasm.
You touch the endoplasm.
You kill the endoplasm!
No target in view!
No target in view!
No target in view!
No target in view!
A rat comes into view.
The rat squeaks loudly.
You hear an angry hiss. 😎 HP[+3]
Your hp is fully restored (27).
A rat is nearby!
An adder comes into view.
The adder hisses angrily.
A frilled lizard comes into view.
The frilled lizard hisses angrily.
The rat bites you but does no damage.
You hit the rat.
You kill the rat!
The adder bites you.
You are poisoned.
The adder poisons you! The adder barely misses you. 😕 HP[-4]
You take 4 damage, and now have 23/27 hp.
You barely miss the adder.
You feel sick. The adder barely misses you. 😕 HP[-2]
You take 2 damage, and now have 21/27 hp.
You miss the adder.
You feel sick. The adder bites you. 😮 HP[-4]
You take 4 damage, and now have 17/27 hp.
You are too injured to fight recklessly!
You are too injured to fight recklessly!
You are too injured to fight recklessly!
You are too injured to fight recklessly!
You are too injured to fight recklessly!
You are too injured to fight recklessly!
You are too injured to fight recklessly!
You hit the adder but do no damage.
You feel sick. The adder bites you. x2 😮 HP[-3]
You take 3 damage, and now have 14/27 hp.
You barely miss the adder.
You feel sick. The adder closely misses you. 😨 HP[-1]
You take 1 damage, and now have 13/27 hp.
You hit the adder.
You feel sick. The adder bites you but does no damage. The adder bites you.
* * * LOW HITPOINT WARNING * * *
Unknown command. 😨 HP[-4]
You take 4 damage, and now have 9/27 hp.
You hit the adder.
You feel sick.
You are no longer poisoned.
The adder bites you but does no damage. 😨 HP[-1]
You take 1 damage, and now have 8/27 hp.
You closely miss the adder. The adder bites you.
* * * LOW HITPOINT WARNING * * *
You are poisoned.
The adder poisons you! The adder bites you.
* * * LOW HITPOINT WARNING * * *
😱 HP[-4]
You take 4 damage, and now have 4/27 hp.
Unknown command.
You closely miss the adder.
* * * LOW HITPOINT WARNING * * *
You feel sick. The adder misses you. 😱 HP[-2]
You take 2 damage, and now have 2/27 hp.
Unknown command.
It was a potion of mutation.
You feel extremely strange.
You feel resistant to cold.
You feel more resistant to cold.
* * * LOW HITPOINT WARNING * * *
You feel sick. The adder closely misses you. 😱 HP[-1]
You take 1 damage, and now have 1/27 hp.
It was a potion of might.
You feel very mighty all of a sudden.
* * * LOW HITPOINT WARNING * * *
You feel sick. The adder misses you. The adder bites you.
You die...

Skill      XL: |  1  2 |
---------------+-------+-----
Axes           | 2 3 |  3.5
Fighting       | |  2.0
Throwing       | |  0.8
Armour         | |  0.8
Dodging        | |  1.7
Spellcasting   | |  2.0
Translocations | |  2.6

Action                     || total
---------------------------++-------
  Melee: Hand axe          ||    93
         Touch             ||     6
         Punch             ||     1
    Use: Potion            ||     2
 Armour: Leather armour    ||    55
  Dodge: Dodged            ||    63

Levels and vault maps discovered:
D:1:      saegor_arrival_simple_b, layout_basic,
          dreamdust_ecumenical_altar_drowned_temple
D:2:      layout_loops_corners, serial_rivers, chequers_serial_rivers_small_b,
          chequers_serial_rivers_micro_c, chequers_serial_rivers_micro_a,
          chequers_serial_rivers_large_b, chequers_serial_rivers_micro_e,
          chequers_serial_rivers_micro_c, item_on_display_a, uniq_terence

Notes
Turn   | Place    | Note
-------+----------+-------------------------------------------
     0 | D:1      | MackTheKnife the Demonspawn Warper began the quest for the
                  | Orb.
     0 | D:1      | Reached XP level 1. HP: 16/16 MP: 3/3
     0 | D:1      | magus.rc [v1.9.6]
    89 | D:1      | Reached skill level 2 in Axes
   324 | D:1      | Gained mutation: Your touch may inflict minor irresistible
                  | damage on your foes. [demonic ancestry]
   324 | D:1      | Reached XP level 2. HP: 22/22 MP: 5/5
   442 | D:1      | Found a faded altar of an unknown god.
   695 | D:1      | Reached skill level 3 in Axes
  1012 | D:2      | Reached XP level 3. HP: 20/27 MP: 6/6
  1244 | D:2      | HP: 4/27 [adder (4)]
  1246 | D:2      | Gained mutation: Your flesh is cold resistant. (rC+)
                  | [potion of mutation]
  1246 | D:2      | Gained mutation: Your flesh is very cold resistant. (rC++)
                  | [potion of mutation]
  1246 | D:2      | HP: 1/27 [poisoned by an adder]
  1247 | D:2      | Slain by an adder

Vanquished Creatures
  2 adders (D:2)
  3 endoplasms
  2 giant cockroaches (D:1)
  4 goblins (D:1)
  2 hobgoblins
  4 ball pythons
  2 bats (D:1)
  2 frilled lizards
  3 kobolds (D:1)
  2 rats
  A spectral goblin (D:1)
27 creatures vanquished.

Table legend:
 A = Non-vault XP
 B = Vault XP
 C = Vault XP percentage of total XP
 D = Non-vault monster count
 E = Vault monster count
 F = Vault count percentage of total count
                 A         B        C        D         E       F
            +---------+---------+-------+---------+---------+-------
      Total |      65 |       1 |   1.5 |      26 |       1 |   3.7
            +---------+---------+-------+---------+---------+-------
        D:1 |      31 |       1 |   3.1 |      19 |       1 |   5.0
        D:2 |      34 |       0 |   0.0 |       7 |       0 |   0.0
            +---------+---------+-------+---------+---------+-------

Skill      XL: |  1  2 |
---------------+-------+-----
Axes           | 2 3 |  3.5
Fighting       | |  2.0
Throwing       | |  0.8
Armour         | |  0.8
Dodging        | |  1.7
Spellcasting   | |  2.0
Translocations | |  2.6

Action                     || total
---------------------------++-------
  Melee: Hand axe          ||    93
         Touch             ||     6
         Punch             ||     1
    Use: Potion            ||     2
 Armour: Leather armour    ||    55
  Dodge: Dodged            ||    63

Illustrated notes

Table legend:
 A = Kills in this place as a percentage of kills in the entire game.
 B = Kills by you in this place as a percentage of kills by you in the entire game.
 C = Kills by friends in this place as a percentage of kills by friends in the entire game.
 D = Other kills in this place as a percentage of other kills in the entire game.
 E = Experience gained in this place as a percentage of experience gained in the entire game.
 F = Experience gained in this place divided by the number of levels of this place that you have seen.
                   A       B       C       D       E      F
               +-------+-------+-------+-------+-------+----------------------
         Total | 100.0 | 100.0 |   N/A |   N/A | 100.0 |  33.0
       Dungeon | 100.0 | 100.0 |   N/A |   N/A | 100.0 |  33.0
               +-------+-------+-------+-------+-------+----------------------

Table legend: (Time is in decaauts)
 A = Elapsed time spent in this place.
 B = Non-inter-level travel time spent in this place.
 C = Inter-level travel time spent in this place.
 D = Time resting spent in this place.
 E = Time spent auto-exploring this place.
 F = Levels seen in this place.
 G = Mean time per level.
                   A        B        C        D        E       F      G
               +--------+--------+--------+--------+--------+-----+--------+
         Total |   1267 |   1232 |     35 |     13 |   1005 |   2 |  633.5 |
       Dungeon |   1267 |   1232 |     35 |     13 |   1005 |   2 |  633.5 |
               +--------+--------+--------+--------+--------+-----+--------+

Top non-repeatable levels by time:
     D:1: 953 daAuts
     D:2: 313 daAuts
